AoeStats
← maxicandiaampuero

Arabia

509992396Analyzed
1v1 RM · 4d ago on Sep 28, 2026· 42m 51s· 2 players
Game mode
Random Map
Map size
Tiny (2 player)
Population
200
Speed
Normal
Resources
Standard
Victory
Conquest
Starting age
Dark Age
Ending age
Imperial Age
RankedLock teamsTeams togetherTeam positionsShared explorationLock speedFull tech treeHidden civsTurbo modeCheats
Victory
Defeat
🇨🇱 Britons · Chile
1023
+15
🇦🇷 Franks · Argentina
1010
-15
Marcos
8:12 Loom
11:50 Feudal Age
12:13 Man-at-Arms
15:22 Arson
15:59 Fletching
17:25 Double-Bit Axe
18:35 Scale Mail Armor
19:54 Padded Archer Armor
23:53 Castle Age
23:22 Forging
24:09 Wheelbarrow
23:59 Scale Barding Armor
26:05 Long Swordsman
26:41 Gold Mining
26:43 Stone Mining
32:40 Chain Mail Armor
32:48 Bow Saw
33:16 Gold Shaft Mining
32:59 Gambesons
39:47 Imperial Age
37:35 Hand Cart
37:05 Town Watch
37:26 Murder Holes
37:12 Treadmill Crane
37:43 Masonry
37:33 Murder Holes
38:43 Bodkin Arrow
39:24 Iron Casting
39:29 Elite Skirmisher
maxicandiaampuero
0:38 Loom
15:45 Feudal Age
16:20 Horse Collar
17:52 Fletching
18:02 Padded Archer Armor
28:26 Castle Age
26:48 Double-Bit Axe
26:57 Gold Mining
27:01 Stone Mining
28:40 Crossbowman
29:21 Bodkin Arrow
29:41 Leather Archer Armor
30:44 Bow Saw
32:45 Ballistics
33:09 Gold Shaft Mining
37:47 Masonry
40:39 Imperial Age
38:46 Wheelbarrow
42:26 Chemistry
41:32 Siege Engineers
40:53 Arbalester
41:35 Bracer
42:06 Ring Archer Armor
Connection lost

Rejoining the realm…

Still unreachable

The connection could not be restored.

Session expired

The server has moved on; the page needs a fresh start.